Map: [ESL] Oceanborn

Players

Rogue - Winner!

  • Race: Zerg Zerg
  • Spawn Location: 11:00

Solar

  • Race: Zerg Zerg
  • Spawn Location: 5:00

Event: ESL Spring 2024 Finals

VOD

Have the link to the VOD?

Description

Time

  • Played on: May 31, 2024, 4:03 p.m.
  • Length: 6:36

All games in this series

Show
View Real Time Build Order
Export as new Build Order

Rogue Zerg - Winner!

Build Orders: Hatch First 

Get SALT Encoding   

  12  0:02  Drone  
  13  0:13  Overlord  
  13  0:17  Drone  
  14  0:31  Drone x2  
  16  0:49  Hatchery  
  15  0:51  Drone  
  15  0:55  Drone  
  17  0:58  Drone  
  18  1:09  Extractor  
  17  1:13  Spawning Pool  
  17  1:16  Drone  
  17  1:19  Drone  
  18  1:29  Drone  
  20  1:40  Drone  
  20  1:50  Drone  
  21  2:00  Queen x2  
  25  2:01  Zergling x2  
  25  2:02  Overlord  
  26  2:11  Drone  
  26  2:12  Drone, Metabolic Boost  
  28  2:23  Drone, Zergling x2  
  30  2:32  Hatchery  
  30  2:35  Drone  
  30  2:37  Drone  
  31  2:45  Drone  
  31  2:48  Drone  
  33  2:53  Baneling Nest  
  33  2:55  Drone, Overlord  
  34  3:05  Drone  
  34  3:09  Drone x2  
  36  3:13  Zergling x4  
  36  3:14  Zergling x2  
  36  3:15  Queen  
  36  3:17  Drone  
  42  3:21  Overlord  
  42  3:24  Drone  
  42  3:26  Drone  
  44  3:40  Roach Warren  
  43  3:44  Drone x7  
  43  3:47  Drone  
  51  3:50  Drone  
  51  3:54  Overlord  
  52  4:04  Extractor  
  52  4:05  Baneling x2  
  52  4:07  Overlord  
  50  4:14  Zergling x6  
  53  4:20  Roach  
  53  4:21  Roach  
  53  4:22  Roach x4  
  53  4:23  Overlord  
  65  4:24  Overlord  
  65  4:29  Roach x2  
  69  4:35  Roach x2  
  73  4:41  Overlord  
  73  4:51  Roach x4  
  81  4:53  Overlord  
  81  4:59  Extractor  
  80  5:00  Extractor, Roach  
  80  5:01  Roach  
  80  5:05  Roach  
  80  5:06  Overlord  
  85  5:09  Roach  
  85  5:13  Overlord  
  87  5:17  Roach  
  87  5:21  Roach  
  91  5:24  Overlord  
  91  5:27  Roach  
  93  5:31  Roach  
  93  5:35  Overlord, Roach  
  97  5:38  Roach  
  97  5:39  Zergling x8  
  103  5:44  Zergling x4  
  103  5:46  Zergling x2  
  106  5:54  Baneling x5  
  106  5:56  Zergling x2  
  106  5:57  Zergling x6  
  110  6:00  Baneling, Zergling x2  
  110  6:02  Zergling x2  
  112  6:05  Zergling x4  
  109  6:11  Zergling x2  
  109  6:17  Zergling x14  
  109  6:18  Zergling x2  
  100  6:31  Ravager x2  
Show
View Real Time Build Order
Export as new Build Order

Solar Zerg 

Build Orders: Hatch First 

Get SALT Encoding   

  12  0:01  Drone  
  13  0:12  Overlord  
  13  0:16  Drone  
  14  0:31  Drone  
  14  0:32  Drone  
  16  0:48  Hatchery  
  15  0:51  Drone  
  15  0:55  Drone  
  17  0:58  Drone  
  18  1:08  Extractor  
  17  1:13  Spawning Pool  
  17  1:16  Drone  
  17  1:19  Drone  
  18  1:28  Drone  
  19  1:39  Drone  
  20  1:50  Drone  
  21  2:00  Queen x2, Zergling x2  
  21  2:01  Overlord  
  26  2:08  Metabolic Boost  
  26  2:10  Drone  
  26  2:11  Drone  
  28  2:23  Drone, Zergling x2  
  30  2:33  Hatchery  
  30  2:35  Drone  
  30  2:38  Drone  
  31  2:45  Drone  
  31  2:50  Baneling Nest  
  32  2:51  Drone  
  32  2:54  Overlord  
  32  2:56  Zergling x2  
  33  3:04  Drone  
  33  3:05  Drone  
  35  3:08  Drone  
  36  3:13  Drone x2  
  36  3:14  Drone, Zergling x2  
  36  3:18  Drone  
  41  3:20  Overlord  
  41  3:21  Drone  
  42  3:29  Roach Warren  
  42  3:30  Drone  
  42  3:38  Baneling  
  42  3:39  Zergling x2  
  42  3:40  Baneling, Zergling x6  
  46  3:44  Drone  
  46  3:47  Drone x2  
  49  3:49  Extractor  
  49  3:50  Queen  
  49  3:52  Drone  
  49  3:55  Drone  
  51  3:57  Drone  
  51  3:58  Drone  
  51  3:59  Drone  
  54  4:03  Overlord  
  54  4:08  Overlord  
  54  4:11  Roach  
  54  4:12  Drone  
  57  4:21  Overlord  
  57  4:23  Drone x2  
  57  4:24  Roach x3  
  65  4:25  Drone  
  65  4:30  Lair  
  66  4:32  Drone x2  
  66  4:35  Drone, Extractor  
  67  4:39  Roach  
  67  4:40  Roach  
  67  4:43  Drone  
  67  4:44  Drone  
  67  4:45  Drone  
  74  4:46  Evolution Chamber  
  74  4:49  Overlord  
  73  4:53  Roach x2  
  73  4:55  Overlord  
  73  4:57  Drone  
  73  4:58  Drone  
  79  5:02  Drone x2  
  79  5:04  Extractor  
  79  5:06  Overlord  
  80  5:09  Roach  
  80  5:10  Drone  
  80  5:11  Drone, Roach  
  85  5:16  Roach  
  87  5:21  Extractor  
  87  5:26  Roach x3  
  92  5:30  Overlord  
  92  5:32  Roach  
  92  5:34  Overlord  
  94  5:36  Overseer  
  94  5:38  Roach  
  94  5:40  Overlord  
  96  5:43  Drone x4  
  96  5:44  Roach  
  96  5:47  Roach  
  104  5:50  Baneling x2  
  104  5:51  Roach  
  104  5:52  Roach  
  104  5:54  Roach  
  104  5:56  Roach  
  112  5:59  Baneling x2  
  112  6:00  Roach  
  112  6:01  Roach  
  112  6:04  Roach  
  118  6:06  Overlord  
  113  6:11  Roach x2  
Tags
 
Add a new tag
Caveats
  • Supply blocks, unpowered buildings, or Contaminate may cause inaccurate times.
  • Supply counts are checked every 10 seconds.